 Dungeon Crawl Stone Soup version 0.20.1-1-g8b1a95d66d (webtiles) character file.

91 Popi the Slasher (level 4, 0/37 HPs)
             Began as a Human Fighter on Dec 20, 2017.
             Slain by an orc
             ... wielding a cursed -1 flail
              (8 damage)
             ... on level 3 of the Dungeon.
             The game lasted 00:02:12 (2117 turns).

Popi the Slasher (Human Fighter)                    Turns: 2117, Time: 00:02:12

Health: 0/37       AC:  6    Str: 17    XL:     4   Next: 88%
Magic:  4/4        EV:  9    Int:  9    God:
Gold:   136        SH:  0    Dex: 12    Spells: 3/3 levels left

rFire    . . .     SeeInvis .   a - +0 long sword
rCold    . . .     Gourm    .   (no shield)
rNeg     . . .     Faith    .   b - +0 scale mail
rPois    .         Spirit   .   (no helmet)
rElec    .         Reflect  .   (no cloak)
rCorr    .         Harm     .   (no gloves)
MR       .....                  (no boots)
Stlth    ..........             (no amulet)
Regen    0.2/turn               (no ring)
MPRegen  0.1/turn               (no ring)

@: no status effects
A: no striking features
a: no special abilities


You were on level 3 of the Dungeon.
You were not hungry.

You visited 1 branch of the dungeon, and saw 3 of its levels.

You collected 136 gold pieces.

Inventory:

Hand Weapons
 a - a +0 long sword (weapon)
Armour
 b - a +0 scale mail (worn)
Jewellery
 i - an uncursed ring of flight {unknown}
Scrolls
 e - 2 scrolls of immolation {unknown}
 g - a scroll of noise {unknown}
 h - a scroll of blinking {unknown}
 k - 2 scrolls of remove curse {unknown}
 p - a scroll of enchant weapon {unknown}
 q - 2 scrolls of teleportation {unknown}
 r - a scroll of magic mapping {unknown}
 s - a scroll of recharging {unknown}
 t - 2 scrolls of identify {unknown}
Potions
 c - a potion of berserk rage {unknown}
 d - a potion of might
 l - 2 potions of heal wounds {unknown}
 m - 2 potions of brilliance {unknown}
 n - a potion of lignification {unknown}
 o - a potion of mutation {unknown}
Comestibles
 f - 2 bread rations
 j - a royal jelly
 u - 3 fruits


   Skills:
 + Level 3.8 Fighting
 + Level 4.0 Long Blades
 - Level 3.0 Armour
   Level 3.0 Shields


You had 3 spell levels left.
You didn't know any spells.

Dungeon Overview and Level Annotations

Branches:
Dungeon (3/15)

Altars:
Vehumet


Message History

A kobold comes into view.
The kobold shouts!
A magic dart appears from out of thin air!
The magic dart hits you! The kobold barely misses you.
The orc hits you with a flail.
A magic dart appears from out of thin air!
The magic dart hits you!
A magic dart appears from out of thin air!
The magic dart hits you! The kobold hits you but does no damage.
There is a stone staircase leading up here.
The kobold hits you but does no damage.
The orc priest invokes the aid of Beogh against you.
Beogh smites you!
* * * LOW HITPOINT WARNING * * *
The orc barely misses you. The kobold hits you but does no damage.
The ball python barely misses you. The ball python grabs you.
You stop ascending the stairs.
The ball python constricts you.
Unknown command.
You escape the ball python's grasp.
The orc hits you with a flail!
You die...

............######...............
................##...............
#'#.######......##.###...........
#.#.............##.###...........
#...#####..............#.........
.......................#.###.....
#.............o..................
#..............Ko......#.###.....
#...####....#..S@.............##.
............(............####.##.
#.##.....####.#..<..........#.##)
#........#..#.##.###....###.#.##.
####.....#.##.##.###..........##.
# #.....#.##.##.>....(.......##.
##########.##....................
##...............................
.................................


You could see an orc priest, an orc, a ball python and a kobold.

Vanquished Creatures
  4 adders
  A worm (D:3)
  A dart slug (D:2)
  2 leopard geckos (D:2)
  2 orcs (D:3)
  3 giant cockroaches
  2 goblins
  10 hobgoblins
  2 jackals (D:3)
  3 kobolds
  A quokka (D:3)
  5 bats
  2 frilled lizards
  7 rats
45 creatures vanquished.

Notes
Turn   | Place    | Note
-------+----------+-------------------------------------------
     0 | D:1      | Popi the Human Fighter began the quest for the Orb.
     0 | D:1      | Reached XP level 1. HP: 18/18 MP: 1/1
   179 | D:1      | Reached XP level 2. HP: 12/24 MP: 2/2
   821 | D:2      | Found a radiant altar of Vehumet.
   875 | D:2      | Reached XP level 3. HP: 23/29 MP: 3/3
  1000 | D:2      | Reached skill level 3 in Long Blades
  1223 | D:2      | Reached XP level 4. HP: 22/37 MP: 4/4
  2099 | D:3      | Reached skill level 4 in Long Blades
  2117 | D:3      | Slain by an orc

Skill      XL: |  1  2  3  4 |
---------------+-------------+-----
Long Blades    | 3 4 |  4.0
Fighting       | |  3.8
Armour         | |  3.0
Shields        | |  3.0

Action                   |  1- 3 |  4- 6 || total
-------------------------+-------+-------++-------
Melee: Long sword        |    77 |    70 ||   147
  Eat: Chunk             |     1 |     3 ||     4
Armor: Scale mail        |    55 |    38 ||    93
Dodge: Dodged            |    37 |    55 ||    92
       Rpst.: Long sword |    18 |    23 ||    41
